Map: Kairos Junction LE

Players

GhostHell - Winner!

  • Race: Zerg Zerg
  • Spawn Location: 5:00

HydraOrc

  • Race: Protoss Protoss
  • Spawn Location: 11:00

Event: 2019 WCS Spring

VOD

Have the link to the VOD?

Description

Time

  • Played on: May 17, 2019, 7:18 a.m.
  • Length: 6:54

All games in this series

Show
View Real Time Build Order
Export as new Build Order

GhostHell Zerg - Winner!

Build Orders: Hatch First 

Get SALT Encoding   

  12  0:01  Drone  
  13  0:13  Overlord  
  13  0:18  Drone  
  14  0:32  Drone x2  
  16  0:51  Drone  
  16  0:52  Drone  
  18  0:57  Drone  
  18  1:01  Hatchery  
  18  1:06  Extractor  
  17  1:14  Spawning Pool  
  17  1:17  Drone  
  17  1:22  Drone  
  18  1:29  Drone  
  19  1:42  Overlord  
  19  2:01  Queen  
  19  2:02  Zergling x4  
  23  2:11  Metabolic Boost  
  23  2:14  Queen  
  23  2:15  Drone x2  
  27  2:24  Drone x2  
  29  2:35  Hatchery  
  28  2:39  Drone  
  28  2:43  Drone  
  30  2:46  Drone x2  
  32  2:53  Queen  
  32  2:58  Overlord  
  34  3:01  Drone  
  35  3:16  Drone x5  
  40  3:23  Drone x2  
  40  3:25  Overlord  
  40  3:27  Drone x2  
  44  3:36  Overlord  
  44  3:46  Extractor  
  44  3:47  Extractor, Drone  
  44  3:48  Spore Crawler  
  42  3:49  Drone  
  42  3:50  Drone x3  
  42  3:51  Drone x3  
  49  3:59  Queen  
  49  4:01  Lair  
  49  4:02  Drone  
  52  4:09  Roach Warren  
  52  4:12  Drone x2  
  54  4:18  Overlord x2  
  54  4:21  Zergling x6  
  54  4:23  Zergling x4  
  59  4:28  Zergling x6  
  62  4:35  Overlord  
  62  4:39  Drone x2  
  64  4:45  Drone  
  61  5:05  Glial Reconstitution  
  61  5:07  Overlord x2  
  61  5:08  Roach x10  
  61  5:09  Roach  
  80  5:15  Extractor  
  80  5:17  Drone x3  
  80  5:18  Roach  
  80  5:19  Roach  
  85  5:26  Roach x4  
  93  5:30  Overlord  
  93  5:32  Roach  
  95  5:43  Zergling x2  
  95  5:44  Zergling x6  
  95  5:45  Overlord  
  95  5:47  Overlord x2  
  99  5:50  Zergling x2  
  99  5:51  Zergling x6  
  103  6:01  Ravager x6  
  103  6:03  Zergling x2  
  103  6:04  Zergling x8  
  114  6:12  Zergling x6  
Show
View Real Time Build Order
Export as new Build Order

HydraOrc Protoss 

Build Orders: 1 Gate Expand, Zealot Archon 

Get SALT Encoding   

  12  0:00  Probe  
  13  0:12  Probe  
  14  0:18  Pylon  
  14  0:24  Probe  
  15  0:32  Probe  
  15  0:38  Gateway  
  15  0:40  Probe  
  17  0:50  Assimilator  
  17  0:54  Probe  
  18  0:59  Pylon  
  18  1:06  Probe  
  19  1:29  Nexus  
  19  1:31  Probe  
  20  1:38  Cybernetics Core  
  20  1:43  Probe  
  21  1:50  Assimilator  
  21  1:55  Probe, Pylon  
  22  2:04  Adept  
  22  2:07  Probe  
  23  2:14  Warp Gate  
  25  2:15  Probe  
  26  2:27  Gateway  
  26  2:28  Probe  
  26  2:29  Pylon  
  27  2:37  Adept  
  27  2:38  Probe  
  30  2:45  Probe  
  30  2:46  Probe  
  32  2:56  Probe  
  32  2:57  Probe  
  34  3:02  Forge  
  34  3:05  Probe  
  34  3:11  Probe  
  36  3:13  Sentry, Probe  
  39  3:23  Probe  
  39  3:24  Probe  
  40  3:28  Robotics Facility  
  40  3:31  Assimilator  
  41  3:34  Assimilator  
  41  3:35  Protoss Ground Weapons Level 1, Probe x2  
  43  3:43  Probe  
  43  3:47  Probe  
  45  3:51  Twilight Council  
  45  3:52  Probe  
  45  4:00  Probe, Pylon  
  47  4:03  Probe  
  47  4:05  Sentry  
  50  4:12  Probe, Gateway  
  50  4:13  Gateway  
  51  4:18  Immortal  
  51  4:21  Probe  
  51  4:24  Probe  
  57  4:25  Pylon  
  57  4:28  Charge  
  57  4:36  Templar Archives  
  57  4:43  Gateway  
  57  4:45  Gateway  
  57  4:58  Immortal  
  59  5:04  Shield Battery  
  59  5:11  Gateway  
  59  5:12  Gateway  
  59  5:20  High Templar x2  
  63  5:24  Archon  
  63  5:37  Observer, Zealot x2  
  63  5:40  Pylon x2  
  63  5:41  Zealot  
  70  5:53  Nexus  
  70  5:54  Pylon  
  70  5:58  Zealot  
  70  6:01  Pylon, Warp Prism  
  70  6:02  Pylon  
  74  6:12  Probe x2  
  76  6:18  Zealot x3  
  76  6:19  Zealot  
  70  6:33  Zealot x2  
  70  6:34  Zealot x2  
  69  6:43  Zealot x3  
Tags
 
Add a new tag
Caveats
  • Supply blocks, unpowered buildings, or Contaminate may cause inaccurate times.
  • Supply counts are checked every 10 seconds.